AoeStats
← Cana

Arabia

504751628Analyzed
1v1 RM · 25d ago on Sep 6, 2026· 47m 38s· 2 players
Game mode
Random Map
Map size
Tiny (2 player)
Population
200
Speed
Normal
Resources
Standard
Victory
Conquest
Starting age
Dark Age
Ending age
Imperial Age
RankedLock teamsTeams togetherTeam positionsShared explorationLock speedFull tech treeHidden civsTurbo modeCheats
Victory
Defeat
🇧🇷 Portuguese · Brazil
1510
+19
🇵🇱 Bengalis · Poland
1579
-19
Saga
6:34 Loom
9:07 Feudal Age
9:12 Man-at-Arms
22:01 Castle Age
20:14 Double-Bit Axe
21:07 Fletching
21:57 Horse Collar
22:07 Gold Mining
22:11 Crossbowman
26:26 Bow Saw
27:28 Town Watch
29:27 Wheelbarrow
29:49 Ballistics
33:24 Imperial Age
31:58 Bodkin Arrow
32:05 Padded Archer Armor
34:06 Bracer
35:10 Chemistry
35:04 Leather Archer Armor
34:59 Elite Skirmisher
39:26 Ring Archer Armor
45:11 Bloodlines
45:02 Husbandry
45:08 Scale Barding Armor
44:50 Light Cavalry
45:42 Forging
47:12 Chain Barding Armor
48:43 Plate Barding Armor
Cana
6:20 Loom
8:59 Feudal Age
9:27 Double-Bit Axe
16:10 Fletching
17:34 Wheelbarrow
17:24 Padded Archer Armor
20:38 Castle Age
19:00 Horse Collar
19:10 Gold Mining
20:40 Crossbowman
21:16 Bodkin Arrow
24:32 Bow Saw
24:54 Town Watch
30:49 Imperial Age
29:05 Ballistics
30:55 Hand Cart
30:53 Arbalester
31:34 Bracer
33:48 Chemistry
37:45 Conscription
37:43 Thumb Ring
40:20 Elite Organ Gun
Connection lost

Rejoining the realm…

Still unreachable

The connection could not be restored.

Session expired

The server has moved on; the page needs a fresh start.